HBL
NEW ORLEANS BRASS @ SPOKANE RIVER RATS
05/20/1997
 
TOP OF THE 1ST
New Orleans Brass batting - Pitching for Spokane River Rats : LHP Scott Eyre
Pitching: LHP Scott Eyre
Batting: SHB Cecil Espy 0-0: Ground out 6-3 (Groundball, 6, EV 80.0 MPH)
Batting: RHB Dante Powell 0-0: Ball
1-0: Called Strike
1-1: Ball
2-1: Ball
3-1: Called Strike
3-2: Ground out 6-3 (Groundball, 56, EV 84.4 MPH)
Batting: RHB Eric Karros 0-0: Ball
1-0: Ball
2-0: Ball
3-0: Called Strike
3-1: Base on Balls
Batting: RHB Scott Brosius 0-0: Ball
1-0: 2-RUN HOME RUN (Flyball, 9D, EV 84.4 MPH), Distance : 365 ft
Batting: SHB Jose L Cruz 0-0: Called Strike
0-1: Ball
1-1: Ball
2-1: Foul Ball, location: 2F
2-2: Ground out 5-3 (Groundball, 5S, EV 65.0 MPH)
Top of the 1st over - 2 runs, 1 hit, 0 errors, 0 left on base; New Orleans 2 - Spokane 0
BOTTOM OF THE 1ST
Spokane River Rats batting - Pitching for New Orleans Brass : RHP LaTroy Hawkins
Pitching: RHP LaTroy Hawkins
Batting: LHB Andy Fox 0-0: Ball
1-0: Ball
2-0: Swinging Strike
2-1: Foul Ball, location: 2F
2-2: Fly out, F7 (Line Drive, 7, EV 93.8 MPH)
Batting: SHB Chris Latham 0-0: Swinging Strike
0-1: Fly out, F9 (Flyball, 9, EV 91.3 MPH)
Batting: LHB Michael Tucker 0-0: Called Strike
0-1: Ball
1-1: Foul Ball, location: 2F
1-2: Foul Ball, location: 2F
1-2: Ball
2-2: Ball
3-2: Base on Balls
Batting: SHB Gene Kingsale 0-0: Called Strike
0-1: Swinging Strike
0-2: Ball
1-2: Fly out, F5 (Popup, 56S, EV 81.3 MPH)
Bottom of the 1st over - 0 runs, 0 hits, 0 errors, 1 left on base; New Orleans 2 - Spokane 0
TOP OF THE 2ND
New Orleans Brass batting - Pitching for Spokane River Rats : LHP Scott Eyre
Batting: SHB Jose Vidro 0-0: Called Strike
0-1: Ball
1-1: Called Strike
1-2: Strikes out swinging
Batting: RHB Joe Oliver 0-0: Swinging Strike
0-1: Ball
1-1: Ball
2-1: Called Strike
2-2: Strikes out swinging
Batting: SHB Wilson Delgado 0-0: Ball
1-0: Foul Ball, location: 2F
1-1: Fly out, F7 (Flyball, 7D, EV 101.9 MPH)
Top of the 2nd over - 0 runs, 0 hits, 0 errors, 0 left on base; New Orleans 2 - Spokane 0
BOTTOM OF THE 2ND
Spokane River Rats batting - Pitching for New Orleans Brass : RHP LaTroy Hawkins
Batting: RHB Tony Rodriguez 0-0: Ball
1-0: Ball
2-0: SINGLE (Line Drive, 9S, EV 90.6 MPH)
Batting: SHB Luis M. Lopez 0-0: Called Strike
0-1: Ball
1-1: Swinging Strike
1-2: Foul Ball, location: 2F
1-2: Strikes out swinging
Batting: RHB Jose Lind 0-0: Ball
1-0: Grounds into double play, 5-4-3 (Groundball, 56, EV 92.5 MPH)
Bottom of the 2nd over - 0 runs, 1 hit, 0 errors, 0 left on base; New Orleans 2 - Spokane 0
TOP OF THE 3RD
New Orleans Brass batting - Pitching for Spokane River Rats : LHP Scott Eyre
Batting: RHB Luis Ordaz 0-0: Ball
1-0: Foul Ball, location: 2F
1-1: Ground out 1-3 (Groundball, P, EV 85.6 MPH)
Batting: SHB Cecil Espy 0-0: Ball
1-0: Ball
2-0: Ball
3-0: Base on Balls
Batting: RHB Dante Powell 0-0: Ball
1-0: Ball
2-0: Single, Error in OF, E7, batter to second base (Line Drive, 78M, EV 103.1 MPH)
Cecil Espy to third
Batting: RHB Eric Karros 0-0: Ball
1-0: Foul Ball, location: 2F
1-1: Ball
2-1: Fly out, F9 (Flyball, 9LSF, EV 87.5 MPH)
Runner from 3rd tags up, SCORES, no throw by RF
Batting: RHB Scott Brosius 0-0: Ball
1-0: Swinging Strike
1-1: Called Strike
1-2: Ball
2-2: Strikes out swinging
Top of the 3rd over - 1 run, 1 hit, 1 error, 1 left on base; New Orleans 3 - Spokane 0
BOTTOM OF THE 3RD
Spokane River Rats batting - Pitching for New Orleans Brass : RHP LaTroy Hawkins
Batting: LHB Eric Helfand 0-0: Ball
1-0: Ball
2-0: Ball
3-0: Called Strike
3-1: SINGLE (Line Drive, 78S, EV 107.5 MPH)
Batting: SHB Doug Brady 0-0: Ball
1-0: Foul Ball, location: 2F
1-1: Foul Ball, location: 2F
1-2: Ball
2-2: Ball
3-2: SINGLE (Groundball, 34D, EV 97.5 MPH)
Eric Helfand to second
Batting: LHB Andy Fox 0-0: Called Strike
0-1: Ball
1-1: Called Strike
1-2: Ball
2-2: Foul Ball, location: 2F
2-2: Fielders Choice at 2nd, 3-6 (Groundball, 34, EV 100.6 MPH)
Eric Helfand to third
Batting: SHB Chris Latham 0-0: Ball
1-0: Ball
2-0: Called Strike
2-1: Foul Ball, location: 2F
2-2: Ball
3-2: Foul Ball, location: 2F
3-2: Base on Balls
Andy Fox to second
Batting: LHB Michael Tucker 0-0: Fly out, F7 (Flyball, 7S, EV 86.9 MPH)
Batting: SHB Gene Kingsale 0-0: SINGLE (Line Drive, 4MD, EV 98.1 MPH)
Eric Helfand scores
Andy Fox to third
Chris Latham to second
Runner from 3rd tries for Home, SAFE, throw by CF to home
Batting: RHB Tony Rodriguez 0-0: Fly out, F7 (Flyball, 78S, EV 81.3 MPH)
Bottom of the 3rd over - 2 runs, 3 hits, 0 errors, 2 left on base; New Orleans 3 - Spokane 2
TOP OF THE 4TH
New Orleans Brass batting - Pitching for Spokane River Rats : LHP Scott Eyre
Batting: SHB Jose L Cruz 0-0: Swinging Strike
0-1: Called Strike
0-2: Strikes out swinging
Batting: SHB Jose Vidro 0-0: Called Strike
0-1: Ball
1-1: Called Strike
1-2: Ball
2-2: Ball
3-2: Strikes out looking
Batting: RHB Joe Oliver 0-0: Called Strike
0-1: Foul Ball, location: 2F
0-2: Ball
1-2: Ball
2-2: Foul Ball, location: 2F
2-2: Strikes out swinging
Top of the 4th over - 0 runs, 0 hits, 0 errors, 0 left on base; New Orleans 3 - Spokane 2
BOTTOM OF THE 4TH
Spokane River Rats batting - Pitching for New Orleans Brass : RHP LaTroy Hawkins
Batting: SHB Luis M. Lopez 0-0: Ball
1-0: Ball
2-0: Ball
3-0: Called Strike
3-1: Fly out, F9 (Line Drive, 9, EV 93.1 MPH)
Batting: RHB Jose Lind 0-0: Ball
1-0: Reached on error, E6 (Groundball, 56, EV 98.8 MPH)
Batting: LHB Eric Helfand 0-0: Called Strike
0-1: Foul Ball, location: 2F
0-2: Ball
1-2: Foul Ball, location: 2F
1-2: Ball
2-2: Grounds into double play, 5-4-3 (Groundball, 5, EV 106.3 MPH)
Bottom of the 4th over - 0 runs, 0 hits, 1 error, 0 left on base; New Orleans 3 - Spokane 2
TOP OF THE 5TH
New Orleans Brass batting - Pitching for Spokane River Rats : LHP Scott Eyre
Batting: SHB Wilson Delgado 0-0: Ball
1-0: Ball
2-0: DOUBLE (Line Drive, 78D, EV 106.3 MPH)
Batting: RHB Luis Ordaz 0-0: Ball
1-0: Swinging Strike
1-1: Swinging Strike
1-2: Foul Ball, location: 2F
1-2: Foul Ball, location: 2F
1-2: Strikes out swinging
Batting: SHB Cecil Espy 0-0: Foul Ball, location: 2F
0-1: Swinging Strike
0-2: SINGLE (Groundball, 4MD, EV 95.6 MPH)
Wilson Delgado to third
Runner from 3rd tries for Home, SAFE, no throw by CF
Batting: RHB Dante Powell 0-0: Ball
1-0: Swinging Strike
1-1: Ball
2-1: Ball
3-1: Fielders Choice at 2nd, 6-4 (Groundball, 6, EV 105.6 MPH)
Pitching: RHP Anthony Chavez
Batting: RHB Eric Karros 0-0: Called Strike
Dante Powell steals 2nd base
0-1: Ball
1-1: Fly out, F3 (Popup, 3SF, EV 75.0 MPH)
Top of the 5th over - 1 run, 2 hits, 0 errors, 1 left on base; New Orleans 4 - Spokane 2
BOTTOM OF THE 5TH
Spokane River Rats batting - Pitching for New Orleans Brass : RHP LaTroy Hawkins
Batting: SHB Doug Brady 0-0: Ball
1-0: Ball
2-0: SINGLE (Groundball, 6D, EV 98.1 MPH)
Batting: LHB Andy Fox 0-0: Sac Bunt to 15 - play at first, batter OUT! 1-3
Doug Brady to second
Batting: SHB Chris Latham 0-0: Called Strike
0-1: Ball
1-1: Foul Ball, location: 2F
1-2: Ground out 6-3 (Groundball, 6, EV 101.3 MPH)
Batting: LHB Michael Tucker 0-0: Fly out, F8 (Line Drive, 8LM, EV 100.6 MPH)
Bottom of the 5th over - 0 runs, 1 hit, 0 errors, 1 left on base; New Orleans 4 - Spokane 2
TOP OF THE 6TH
New Orleans Brass batting - Pitching for Spokane River Rats : RHP Anthony Chavez
Batting: RHB Scott Brosius 0-0: SINGLE (Groundball, 5D, EV 96.3 MPH)
Batting: SHB Jose L Cruz 0-0: Foul Ball, location: 2F
0-1: Called Strike
0-2: Ball
1-2: Fly out, F7 (Line Drive, 7D, EV 94.4 MPH)
Batting: SHB Jose Vidro 0-0: Foul Ball, location: 2F
0-1: SINGLE (Groundball, 6D, EV 105.0 MPH)
Scott Brosius to second
Batting: RHB Joe Oliver 0-0: Ball
1-0: Called Strike
1-1: Foul Ball, location: 2F
1-2: Fly out, F3 (Popup, 3SF, EV 80.6 MPH)
Batting: SHB Wilson Delgado 0-0: Ball
1-0: Called Strike
1-1: Fielders Choice at 2nd, 6-4 (Groundball, 6, EV 100.6 MPH)
Top of the 6th over - 0 runs, 2 hits, 0 errors, 2 left on base; New Orleans 4 - Spokane 2
BOTTOM OF THE 6TH
Spokane River Rats batting - Pitching for New Orleans Brass : RHP LaTroy Hawkins
Batting: SHB Gene Kingsale 0-0: Ball
1-0: Ball
2-0: Foul Ball, location: 2F
2-1: SINGLE (Flyball, 8LS, EV 93.1 MPH)
Batting: RHB Tony Rodriguez 0-0: Called Strike
0-1: Ball
1-1: Called Strike
1-2: Ball
2-2: Foul Ball, location: 2F
2-2: DOUBLE (Flyball, 78D, EV 104.4 MPH)
Gene Kingsale to third
Batting: SHB Luis M. Lopez 0-0: Ball
1-0: SINGLE (Groundball, 6MD, EV 96.9 MPH)
Gene Kingsale scores
Tony Rodriguez to third
Batting: RHB Jose Lind 0-0: Ball
1-0: Swinging Strike
1-1: Ball
2-1: SINGLE (Line Drive, 89S, EV 105.0 MPH)
Tony Rodriguez scores
Luis M. Lopez to second
Batting: LHB Eric Helfand 0-0: Called Strike
0-1: Ball
1-1: Bunted foul
1-2: Ball
2-2: SINGLE (Groundball, 56D, EV 108.1 MPH) (infield hit)
Luis M. Lopez to third
Jose Lind to second
Batting: SHB Doug Brady 0-0: Called Strike
0-1: Ball
1-1: Foul Ball, location: 2F
1-2: Foul Ball, location: 2F
1-2: Grounds into fielders choice 3-2 (Groundball, 34, EV 95.6 MPH)
Jose Lind to third
Eric Helfand to second
Batting: LHB Andy Fox 0-0: Foul Ball, location: 2F
0-1: Ball
1-1: Grounds into fielders choice 1-2 (Groundball, 13S, EV 71.3 MPH)
Eric Helfand to third
Doug Brady to second
Batting: SHB Chris Latham 0-0: Called Strike
0-1: Foul Ball, location: 2F
0-2: Foul Ball, location: 2F
0-2: Ball
Wild Pitch!
Eric Helfand scores
Doug Brady to third
Andy Fox to second
1-2: Fly out, F7 (Flyball, 7S, EV 86.3 MPH)
Bottom of the 6th over - 3 runs, 5 hits, 0 errors, 2 left on base; New Orleans 4 - Spokane 5
TOP OF THE 7TH
New Orleans Brass batting - Pitching for Spokane River Rats : RHP Anthony Chavez
Batting: RHB Luis Ordaz 0-0: Ground out 1-3 (Groundball, 13, EV 90.0 MPH)
Batting: SHB Cecil Espy 0-0: Foul Ball, location: 2F
0-1: Ball
1-1: Swinging Strike
1-2: Ball
2-2: Fly out, F8 (Flyball, 78M, EV 78.1 MPH)
Batting: RHB Dante Powell 0-0: Swinging Strike
0-1: Ball
1-1: Foul Ball, location: 2F
1-2: Fly out, F2 (Popup, 23F, EV 83.8 MPH)
Top of the 7th over - 0 runs, 0 hits, 0 errors, 0 left on base; New Orleans 4 - Spokane 5
BOTTOM OF THE 7TH
Spokane River Rats batting - Pitching for New Orleans Brass : RHP LaTroy Hawkins
Pitching: LHP Tim Davis
Batting: LHB Michael Tucker 0-0: Ball
1-0: Ground out U3 (Groundball, 3D, EV 86.9 MPH)
Batting: SHB Gene Kingsale 0-0: Ball
1-0: Called Strike
1-1: Ball
2-1: Ball
3-1: Foul Ball, location: 2F
3-2: SINGLE (Line Drive, 8LS, EV 86.9 MPH)
Batting: RHB Tony Rodriguez 0-0: Fly out, F7 (Line Drive, 7, EV 111.3 MPH)
Batting: SHB Luis M. Lopez 0-0: Ball
1-0: Ball
2-0: Foul Ball, location: 2F
2-1: Ball
3-1: SINGLE (Groundball, 56S, EV 75.0 MPH) (infield hit)
Gene Kingsale to second
Batting: RHB Jose Lind 0-0: Ball
1-0: Called Strike
1-1: Called Strike
1-2: Foul Ball, location: 2F
1-2: Strikes out swinging
Bottom of the 7th over - 0 runs, 2 hits, 0 errors, 2 left on base; New Orleans 4 - Spokane 5
TOP OF THE 8TH
New Orleans Brass batting - Pitching for Spokane River Rats : RHP Anthony Chavez
Pitching: RHP Ricky Trlicek
Batting: RHB Eric Karros 0-0: SINGLE (Groundball, 56D, EV 95.6 MPH)
Batting: RHB Scott Brosius 0-0: Ball
1-0: Foul Ball, location: 2F
1-1: Foul Ball, location: 2F
1-2: Foul Ball, location: 2F
1-2: Ball
2-2: Fly out, F7 (Flyball, 7, EV 83.1 MPH)
Batting: SHB Jose L Cruz 0-0: Ball
1-0: Swinging Strike
1-1: Swinging Strike
1-2: Strikes out looking
Batting: SHB Jose Vidro 0-0: Foul Ball, location: 2F
0-1: Called Strike
0-2: Foul Ball, location: 2F
0-2: Ball
1-2: Foul Ball, location: 2F
1-2: Strikes out looking
Top of the 8th over - 0 runs, 1 hit, 0 errors, 1 left on base; New Orleans 4 - Spokane 5
BOTTOM OF THE 8TH
Spokane River Rats batting - Pitching for New Orleans Brass : LHP Tim Davis
Batting: LHB Eric Helfand 0-0: Ball
1-0: Swinging Strike
1-1: Fly out, F4 (Popup, 4, EV 59.4 MPH)
Batting: SHB Doug Brady 0-0: Foul Ball, location: 2F
0-1: Ground out 3-1 (Groundball, 34, EV 105.0 MPH)
Batting: LHB Andy Fox 0-0: Called Strike
0-1: Ball
1-1: Foul Ball, location: 2F
1-2: Ball
2-2: Foul Ball, location: 2F
2-2: SINGLE (Groundball, 56D, EV 106.3 MPH)
Batting: SHB Chris Latham 0-0: Ball
1-0: Ball
2-0: Called Strike
2-1: Ball
3-1: Foul Ball, location: 2F
3-2: Foul Ball, location: 2F
3-2: Base on Balls
Andy Fox to second
Pitching: RHP Luis Aquino
Batting: LHB Michael Tucker 0-0: Ball
1-0: DOUBLE (Groundball, 5L, EV 103.1 MPH)
Andy Fox scores
Chris Latham to third
Runner from 3rd tries for Home, SAFE, no throw by LF
Batting: SHB Gene Kingsale 0-0: Ball
1-0: DOUBLE (Line Drive, 3D, EV 101.9 MPH)
Michael Tucker scores
Batting: RHB Tony Rodriguez 0-0: Called Strike
0-1: Swinging Strike
0-2: Strikes out swinging
Bottom of the 8th over - 3 runs, 3 hits, 0 errors, 1 left on base; New Orleans 4 - Spokane 8
TOP OF THE 9TH
New Orleans Brass batting - Pitching for Spokane River Rats : RHP Ricky Trlicek
Batting: RHB Joe Oliver 0-0: Foul Ball, location: 2F
0-1: Fly out, F7 (Flyball, 7S, EV 76.9 MPH)
Batting: SHB Wilson Delgado 0-0: Swinging Strike
0-1: Ball
1-1: Fly out, F7 (Flyball, 7LMF, EV 104.4 MPH)
Batting: RHB Luis Ordaz 0-0: Ball
1-0: Foul Ball, location: 2F
1-1: DOUBLE (Line Drive, 7LS, EV 102.5 MPH)
Batting: SHB Cecil Espy 0-0: Foul Ball, location: 2F
0-1: Called Strike
0-2: Ball
1-2: Ball
2-2: Foul Ball, location: 2F
2-2: Fly out, F8 (Line Drive, 8RD, EV 90.6 MPH)
Top of the 9th over - 0 runs, 1 hit, 0 errors, 1 left on base; New Orleans 4 - Spokane 8
Thursday, February 12th, 2026 - OOTP Baseball 20.8 Build 74